 Dungeon Crawl Stone Soup version 0.29.1-4-g47bece8355 (webtiles) character file.

Game seed: 16888611177795753610

296 Peloso the Covered (level 6, 0/53 HPs)
             Began as a Minotaur Fighter on Dec 3, 2022.
             Was a Follower of Okawaru.
             Slain by a gnoll
             ... wielding a +0 spear
              (2 damage)
             ... on level 4 of the Dungeon.
             The game lasted 00:04:25 (3055 turns).

Peloso the Covered (Minotaur Fighter)               Turns: 3055, Time: 00:04:25

Health: 0/53       AC: 11    Str: 21    XL:     6   Next: 12%
Magic:  3/5        EV: 10    Int:  0    God:    Okawaru [*.....]
Gold:   134        SH:  6    Dex: 15    Spells: 5/5 levels left

rFire   . . .      SeeInvis .   c - +5 morningstar "Kurghoisch" {holy, rPois rCorr Int-5 Dex+4}
rCold   . . .      Faith    .   d - +0 buckler
rNeg    . . .      Spirit   .   m - +0 chain mail
rPois   +          Reflect  .   (helmet restricted)
rElec   .          Harm     .   (no cloak)
rCorr   +          Rampage  .   (no gloves)
Will    .....                   (no boots)
Stlth   ..........              (no amulet)
HPRegen 0.17/turn               (no ring)
MPRegen 0.09/turn               (no ring)

@: heroic, slowed, lost intelligence, unable to read, very slow
A: horns 2, retaliatory headbutt
a: Renounce Religion, Heroism


You were on level 4 of the Dungeon.
You worshipped Okawaru.
Okawaru was aware of your devotion.
You visited 2 branches of the dungeon, and saw 5 of its levels.

You collected 134 gold pieces.

Inventory:

Hand Weapons
 a - a +0 long sword
 c - the +5 morningstar "Kurghoisch" (weapon) {holy, rPois rCorr Int-5 Dex+4}
   (You found it on level 3 of the Dungeon)

   It has been blessed by the Shining One to cause great damage to the undead
   and demons.
   Int:       It affects your intelligence (-5).
   Dex:       It affects your dexterity (+4).
   rPois:     It protects you from poison.
   rCorr:     It protects you from acid and corrosion.
Armour
 b - a +0 scale mail
 d - a +0 buckler (worn)
 m - a +0 chain mail (worn)
Jewellery
 p - a ring of resist corrosion
Scrolls
 h - 2 scrolls of vulnerability {unknown}
 i - a scroll of enchant weapon {unknown}
 j - 2 scrolls of teleportation {unknown}
 n - a scroll of enchant armour {unknown}
 q - 2 scrolls of butterflies {unknown}
 r - a scroll of acquirement {unknown}
Potions
 e - a potion of brilliance
 f - a potion of ambrosia
 g - 3 potions of might
 k - 2 potions of lignification {unknown}
 l - a potion of curing {unknown}
 o - 2 potions of mutation {unknown}
 s - a potion of heal wounds {unknown}


   Skills:
 + Level 4.5(9.5) Fighting
 + Level 3.8(8.8) Long Blades
 + Level 3.5(8.5) Maces & Flails
 + Level 5.3(10.3) Armour
 + Level 0.5(5.5) Dodging
 + Level 0.1(5.1) Stealth
 + Level 4.4(9.4) Shields


You had 5 spell levels left.
You didn't know any spells.
Your spell library was empty.

Dungeon Overview and Level Annotations

Branches:
Dungeon (4/15)             Temple (1/1) D:4

Altars:
Dithmenos
Elyvilon
Fedhas
Gozag
Hepliaklqana
Okawaru
Trog
Vehumet
Zin

Shops:
D:3 ?


Innate Abilities, Weirdness & Mutations

You have a pair of horns on your head.
You reflexively headbutt those who attack you in melee.


Message History

The gnoll hits you but does no damage. The gnoll barely misses you.
The gnoll hits you with a +0 flail. The gnoll barely misses you.
You hit the gnoll but do no damage. You headbutt the gnoll.
You kill the gnoll!
Okawaru accepts your kill. The gnoll hits you with a +0 flail!
The jackal bites you.
* * * LOW HITPOINT WARNING * * *
The gnoll hits you but does no damage. x2
The jackal bites you but does no damage.
You gain the combat prowess of a mighty hero.
The jackal barely misses you.
The gnoll hits you from afar with a +0 spear.
* * * LOW HITPOINT WARNING * * *
You block the gnoll's attack. You block the jackal's attack.
You closely miss the gnoll. Your headbutt misses the gnoll.
You block the gnoll's attack. The gnoll hits you with a +0 flail.
* * * LOW HITPOINT WARNING * * *
The jackal bites you but does no damage.
The gnoll closely misses you. The gnoll hits you with a +0 flail.
* * * LOW HITPOINT WARNING * * *
The jackal misses you.
You bludgeon the gnoll!!
You kill the gnoll!
Okawaru accepts your kill.
The jackal bites you but does no damage.
The gnoll hits you from afar with a +0 spear.
* * * LOW HITPOINT WARNING * * *
You block the gnoll's attack.
You impale the jackal!!
You kill the jackal!
Okawaru accepts your kill. The jackal misses you.
The jackal closely misses you. You furiously retaliate!
You headbutt the jackal, but do no damage.
The gnoll hits you but does no damage.
Unknown command.
You puncture the jackal!
You kill the jackal!
Okawaru accepts your kill.
The gnoll hits you from afar with a +0 spear.
You die...

#####....#.#.##....#...#
#.....####...†.._......#
..##### #...#....##.###
##########...#...###.#
#..........###.###.#
###.....)............#
.................#####
.....###########)#.#
.....# #@).# .....#
####g### .....# #....h.#
.....# #......$.# .....#
#...g.g....# ....##
#..g.ghg....# ....##
............# ......
##g..h..>...# ......
#..........#


You could see a hound and a gnoll.

Vanquished Creatures
  A phantom (D:4)
  An orc priest (D:4)
  An orc wizard (D:4)
  2 gnolls (D:4)
  7 adders
  A shadow imp (D:4)
  2 worms (D:3)
  A dart slug (D:3)
  8 orcs
  2 endoplasms
  3 giant cockroaches (D:4)
  3 goblins
  8 hobgoblins
  6 jackals
  5 quokkas
  3 ball pythons
  2 bats
  3 frilled lizards
  5 kobolds
  4 rats
68 creatures vanquished.

Notes
Turn   | Place    | Note
-------+----------+-------------------------------------------
     0 | D:1      | Peloso the Minotaur Fighter began the quest for the Orb.
     0 | D:1      | Reached XP level 1. HP: 19/19 MP: 0/0
   104 | D:1      | Found a faded altar of an unknown god.
   323 | D:1      | Reached XP level 2. HP: 27/27 MP: 1/1
  1033 | D:2      | Reached skill level 4 in Armour
  1033 | D:2      | Reached XP level 3. HP: 31/33 MP: 2/2
  2034 | D:3      | Identified the +5 morningstar "Kurghoisch" {holy, rPois
                  | rCorr Int-5 Dex+4}
  2062 | D:3      | Lost intelligence.
  2121 | D:3      | Found Gerigopi's Magic Scroll Shoppe.
  2167 | D:3      | Found an opulent altar of Gozag.
  2343 | D:3      | Reached skill level 1 in Maces & Flails
  2343 | D:3      | Reached XP level 4. HP: 40/40 MP: 3/3
  2346 | D:3      | You fall into a shaft and drop 1 floor!
  2369 | D:4      | Found a staircase to the Ecumenical Temple.
  2375 | Temple   | Entered the Ecumenical Temple
  2475 | Temple   | Became a worshipper of Warmaster Okawaru
  2572 | D:4      | Noticed a phantom
  2578 | D:4      | Killed a phantom
  2579 | D:4      | Reached skill level 5 in Armour
  2579 | D:4      | Reached XP level 5. HP: 34/47 MP: 4/4
  2624 | D:4      | Reached * piety under Okawaru
  2905 | D:4      | Found a bloodstained altar of Trog.
  2990 | D:4      | Found a white marble altar of Elyvilon.
  3045 | D:4      | Reached XP level 6. HP: 49/53 MP: 5/5
  3053 | D:4      | HP: 1/53 [gnoll/+0 spear (5)]
  3055 | D:4      | Slain by a gnoll

Illustrated notes

Levels and vault maps discovered:
D:1:      spicycebolla_arrival_clurvy, layout_basic,
          shapermc_ecumenical_altar_starsandcircs, minmay_quantized
D:2:      layout_basic
D:3:      layout_basic, mainiacjoe_overflow_concentric_impassable, serial_shops,
          shop, corexii_leaking_fountain
D:4:      layout_rooms, mainiacjoe_overflow_alcove_4,
          nicolae_overflow_crystal_walls, minmay_temple_entry_drinking_statues,
          nicolae_hexahallways
Temple:   minmay_temple_forest_path

Skill      XL: |  1  2  3  4  5 |
---------------+----------------+-----
Shields        | 4 |  4.4
Fighting       | 4 |  4.5
Long Blades    | 3 |  3.8
Armour         | 4 5 |  5.3
Maces & Flails | 1 3 |  3.5
Dodging        | |  0.5
Stealth        | |  0.1

Action                   |  1- 3 |  4- 6 || total
-------------------------+-------+-------++-------
Melee: Long sword        |    83 |       ||    83
       Headbutt          |    13 |     7 ||    20
       Morningstar       |    13 |    55 ||    68
Invok: Heroism           |       |     1 ||     1
  Use: Scroll            |     4 |       ||     4
Armor: Scale mail        |    33 |       ||    33
       Chain mail        |    13 |    46 ||    59
Dodge: Dodged            |    40 |    32 ||    72
Block: Buckler           |    28 |    25 ||    53
